 Dungeon Crawl Stone Soup version 0.31-a0-833-gc15d34cb79 (webtiles) character file.

Game seed: 3241886193899921944

223 Kurtz the Chopper (level 6, -1/42 HPs)
             Began as an Octopode Fighter on Sept 25, 2023.
             Killed from afar by an orc wizard (7 damage)
             ... with a puff of flame
             ... on level 3 of the Dungeon.
             The game lasted 00:02:45 (2458 turns).

Kurtz the Chopper (Octopode Fighter)                Turns: 2458, Time: 00:02:45

Health: -1/42      AC:  1    Str: 23    XL:     6   Next: 0%
Magic:  6/6        EV: 13    Int: 10    God:
Gold:   182        SH: 11    Dex: 12    Spells: 5/5 levels left

rFire   . . .        p - +2 hand axe (freeze)
rCold   . . .        o - +2 buckler
rNeg    . . .        (helmet restricted)
rPois   .            f - amulet of reflection
rElec   .            e - +6 ring of strength
rCorr   .            (no ring)
SInv    .            (no ring)
Will    .....        (no ring)
Stlth   +++          (no ring)
HPRegen 0.27/turn    (no ring)
MPRegen 0.10/turn    (no ring)
                     (no ring)

%: reflection
@: no status effects
A: almost no armour, amphibious, 8 rings, camouflage 1, gelatinous body 1,
nimble swimmer 1, tentacles
a: no special abilities


You were on level 3 of the Dungeon.
You visited 1 branch of the dungeon, and saw 3 of its levels.

You collected 182 gold pieces.

Inventory:

Hand Weapons
 a - a +0 war axe
 p - a +2 hand axe of freezing (weapon)
 q - a +2 hand axe of venom
Missiles
 j - 14 poisoned darts
Armour
 b - a +0 buckler
 o - a +2 buckler (worn)
Jewellery
 e - a +6 ring of strength (left tentacle)
 f - an amulet of reflection (around mantle)
 g - an amulet of guardian spirit
 s - a +6 ring of dexterity
Scrolls
 d - a scroll of enchant armour {unknown}
 h - a scroll of fear {unknown}
 i - 8 scrolls of identify {unknown}
 l - a scroll of immolation {unknown}
 m - a scroll of acquirement {unknown}
 n - a scroll of silence {unknown}
Potions
 c - 2 potions of might
 k - a potion of curing
 r - a potion of brilliance {unknown}
 t - a potion of heal wounds {unknown}


   Skills:
 - Level 3.0 Fighting
 * Level 6.0 Axes
 - Level 3.0 Dodging
 - Level 3.0 Shields


You had 5 spell levels left.
You didn't know any spells.
Your spell library contained the following spells:

 Spells                   Type           Power      Damage    Failure   Level
 Foxfire                  Conj/Fire      0%         2x1d4     41%         1
 Summon Small Mammal      Summ           0%         N/A       41%         1
 Scorch                   Fire           0%         2d5       56%         2
 Call Canine Familiar     Summ           0%         N/A       80%         3
 Inner Flame              Hex/Fire       0%         N/A       80%         3
 Summon Guardian Golem    Hex/Summ       0%         N/A       80%         3
 Flame Wave               Conj/Fire      0%         2d4       99%         4
 Yara's Violent Unravell  Hex/Tmut       0%         3d3       100%        5
 Summon Cactus Giant      Summ           0%         N/A       100%        6
 Enfeeble                 Hex            0%         N/A       100%        7


Dungeon Overview and Level Annotations

Branches:
Dungeon (3/15)

Altars:
Nemelex Xobeh
Sif Muna
Wu Jian

Shops:
D:1 (

Annotations:
D:2 1 runed translucent door, Crazy Yiuf


Innate Abilities, Weirdness & Mutations

You cannot wear most types of armour.
You are amphibious.
You can wear up to eight rings at the same time.
Your skin changes colour to match your surroundings (Stealth+).
Your rubbery body absorbs attacks. (AC +1, EV +1)
You are camouflaged when in or above water. (Stealth+)
You have tentacles for arms and can constrict up to eight enemies at once.


Message History

2 orc wizards come into view.
Found an ancient book.
Found an escape hatch in the floor.
The orc wizard shouts!
There is a shimmering blue altar of Sif Muna here.
There are monsters nearby!
There are monsters nearby!
The orc wizard mumbles some strange words.
The orc wizard flickers and vanishes!
Deactivating autopickup; reactivate with Ctrl-A.
There is an open door here.
An orc wizard is nearby!
An orc wizard is nearby!
You enter the deep water.
The orc wizard closely misses you. Something hits you.
An orc wizard is nearby!
You hit the orc wizard. You freeze the orc wizard. You grab the orc wizard.
The orc wizard is moderately wounded.
You closely miss something. You constrict the orc wizard.
The orc wizard closely misses you. Something hits you.
An orc wizard is nearby!
You hit the orc wizard. You freeze the orc wizard.
The orc wizard is severely wounded.
You barely miss something. You constrict the orc wizard.
The orc wizard casts a spell at you. The puff of flame hits you!
Something hits you.
You're standing in a cloud of steam!
Unknown command.
You hit the orc wizard. You freeze the orc wizard.
You kill the orc wizard!
You miss something.
You are engulfed in a cloud of scalding steam.
* * * LOW HITPOINT WARNING * * *
Something hits you.
* * * LOW HITPOINT WARNING * * *
Your Axes skill increases to level 6!
You have reached level 6!
You hear some strange, mumbled words.
A puff of flame appears from out of thin air!
The puff of flame hits you!
You die...

#................
##.##.............
##...##....).......
#.._..#..)).)......
#.8.8.#....).......
###'###............
#...##..#.........
#...###.#.#.......
#@§≈##..#.#.......
#){.##..#.########
######.##.#
###.#.#....######
#...#.#######...#
#.#......# #...#
#.###.##.# #...#
#.....##.####...###
########.......)...


There were no monsters in sight!

Vanquished Creatures
  2 orc priests (D:3)
  An orc wizard (D:3)
  3 gnolls (D:3)
  4 adders
  3 dart slugs
  8 orcs (D:3)
  4 endoplasms
  2 giant cockroaches
  8 goblins
  5 hobgoblins
  4 jackals (D:2)
  2 quokkas
  4 ball pythons
  5 bats
  5 frilled lizards
  5 kobolds
  A rat (D:2)
66 creatures vanquished.

Notes
Turn   | Place    | Note
-------+----------+-------------------------------------------
     0 | D:1      | Kurtz the Octopode Fighter began the quest for the Orb.
     0 | D:1      | Reached XP level 1. HP: 16/16 MP: 1/1
    87 | D:1      | Found Zuetihuh's Antique Weapon Shoppe.
   239 | D:1      | Reached XP level 2. HP: 16/21 MP: 2/2
   529 | D:1      | Reached skill level 3 in Axes
   863 | D:2      | Found a sparkling altar of Nemelex Xobeh.
   902 | D:2      | Found a faded altar of an unknown god.
   909 | D:2      | Reached XP level 3. HP: 26/26 MP: 3/3
   919 | D:2      | Got a glistering book
   970 | D:2      | Found a runed translucent door.
   971 | D:2      | Noticed Crazy Yiuf
  1245 | D:2      | Reached skill level 4 in Axes
  1755 | D:3      | Reached XP level 4. HP: 26/31 MP: 4/4
  1766 | D:3      | Reached skill level 5 in Axes
  1766 | D:3      | Reached XP level 5. HP: 16/36 MP: 5/5
  2289 | D:3      | Found an ornate altar of the Wu Jian Council.
  2370 | D:3      | Found a shimmering blue altar of Sif Muna.
  2458 | D:3      | Reached skill level 6 in Axes
  2458 | D:3      | Reached XP level 6. HP: 6/42 MP: 6/6
  2458 | D:3      | Killed from afar by an orc wizard

Illustrated notes

Levels and vault maps discovered:
D:1:      sevenhm_arrival_forest_fort_small_4, layout_loops_ring, serial_shops,
          shop, columned_hall_lemuel, minmay_pentomino_s2
D:2:      minmay_spotlight, layout_loops_ring,
          shapermc_ecumenical_altar_rom_forum, basic_altar,
          uniq_crazy_yiuf_cottage
D:3:      layout_basic, led_sif_book, nicolae_wu_jian_glorious_leap

Skill      XL: |  1  2  3  4  5 |
---------------+----------------+-----
Axes           | 3 4 5 6 |  6.0
Fighting       | |  3.0
Dodging        | |  3.0
Shields        | |  3.0

Action                     |  1- 3 |  4- 6 || total
---------------------------+-------+-------++-------
  Melee: War axe           |    59 |    10 ||    69
         Constrict         |    15 |    11 ||    26
         Tentacles         |    10 |     5 ||    15
         Hand axe          |       |    28 ||    28
    Use: Potion            |       |     1 ||     1
   Stab: Sleeping          |     4 |     1 ||     5
 Armour: Skin              |    28 |    20 ||    48
  Dodge: Dodged            |    37 |    18 ||    55
  Block: Buckler           |    17 |    20 ||    37

Table legend: (Time is in decaauts)
 A = Elapsed time spent in this place.
 B = Non-inter-level travel time spent in this place.
 C = Inter-level travel time spent in this place.
 D = Time resting spent in this place.
 E = Time spent auto-exploring this place.
 F = Levels seen in this place.
 G = Mean time per level.
                   A        B        C        D        E       F      G
               +--------+--------+--------+--------+--------+-----+--------+
         Total |   2482 |   2336 |    146 |     71 |   1869 |   3 |  827.3 |
       Dungeon |   2482 |   2336 |    146 |     71 |   1869 |   3 |  827.3 |
               +--------+--------+--------+--------+--------+-----+--------+

Top non-repeatable levels by time:
     D:2: 896 daAuts
     D:1: 865 daAuts
     D:3: 721 daAuts
